 Dungeon Crawl Stone Soup version 0.25-a0-571-gb5e01bddfa (webtiles) character file.

Game seed: 8944077980695850397, levelgen mode: deterministic

326899 Flugslaktarn the Tortoise (level 20, -1/204 HPs)
             Began as a Deep Dwarf Fighter on Feb 29, 2020.
             Was the Champion of Makhleb.
             Killed from afar by a storm dragon (7 damage)
             ... with a bolt of lightning
             ... on level 3 of the Realm of Zot.
             The game lasted 00:20:13 (20967 turns).

Flugslaktarn the Tortoise (Deep Dwarf Fighter)     Turns: 20967, Time: 00:20:14

Health: -1/204     AC: 46    Str: 26    XL:     20   Next: 38%
Magic:  11/11 (1)  EV:  7    Int: 20    God:    Makhleb [******]
Gold:   2775       SH: 15    Dex: 16    Spells: 19/19 levels left

rFire    + . .     SeeInvis .   z - +4 broad axe
rCold    + . .     Gourm    +   c - +0 kite shield
rNeg     + + .     Faith    .   Q - +8 orange crystal plate armour {Archmagi, Int+3 Clar}
rPois    .         Spirit   .   C - +3 hat of Pondering {ponderous, MR+ MP+10 Int+5}
rElec    +         Reflect  .   (no cloak)
rCorr    .         Harm     .   T - +2 pair of gloves "Doffam" {+Fly rElec}
MR       ++++.     Clarity  +   g - +2 pair of boots
Stlth    ..........             y - amulet of the gourmand
HPRegen  0.00/turn              f - ring of protection from fire
MPRegen  0.12/turn              F - ring "Ywostery" {rElec rC+ rN+ Dex+4}

@: mighty, non-regenerating, slowed, very slow
A: damage resistance, heal wounds, negative energy resistance 1, sense
surroundings 3, no regeneration
}: 3/15 runes: decaying, serpentine, silver
a: Heal Wounds, Minor Destruction, Lesser Servant of Makhleb, Major Destruction,
Greater Servant of Makhleb, Renounce Religion, Evoke Flight


You were on level 3 of the Realm of Zot.
You worshipped Makhleb.
Makhleb was exalted by your worship.
You were very full.

You visited 8 branches of the dungeon, and saw 43 of its levels.

You collected 2863 gold pieces.
You spent 88 gold pieces at shops.

Inventory:

Hand Weapons
 z - a +4 broad axe (weapon)
   (You took it off a hell knight on level 4 of the Vaults)
 R - a +1 war axe of freezing
   (You found it on level 13 of the Dungeon)
Missiles
 b - 2 throwing nets (quivered)
Armour
 c - a +0 kite shield (worn)
 g - a +2 pair of boots (worn)
   (You found it on level 6 of the Dungeon)
 i - a +0 helmet
   (You took it off Robin on level 2 of the Dungeon)
 C - the +3 hat of Pondering (worn) {ponderous, MR+ MP+10 Int+5}
   (You took it off Gastronok on level 1 of the Lair of Beasts)

   It affects your intelligence (+5).
   It affects your resistance to hostile enchantments.
   It affects your magic capacity (+10).
   If you remove this armour, your AC will decrease by 3 (46 -> 43).
 J - a +0 pair of gloves
   (You found it on level 2 of the Lair of Beasts)
 Q - the +8 orange crystal plate armour (worn) {Archmagi, Int+3 Clar}
   (You acquired it in the Ecumenical Temple)

   It affects your intelligence (+3).
   It protects you against confusion.
   If you remove this armour, your AC will decrease by 36 (46 -> 10).
 T - the +2 pair of gloves "Doffam" (worn) {+Fly rElec}
   (You found it on level 5 of the Vaults)

   It insulates you from electricity.
   It lets you fly.
   If you remove this armour, your AC will decrease by 4 (46 -> 42).
Jewellery
 f - a ring of protection from fire (left hand)
   (You took it off a deep elf archer on level 5 of the Vaults)
 k - an uncursed ring of resist corrosion
   (You found it on level 2 of the Swamp)
 o - an uncursed ring of poison resistance
   (You found it on level 4 of the Dungeon)
 v - a +4 ring of evasion
   (You found it on level 12 of the Dungeon)
 y - an amulet of the gourmand (around neck)
   (You found it on level 9 of the Dungeon)
 F - the ring "Ywostery" (right hand) {rElec rC+ rN+ Dex+4}
   (You found it on level 1 of the Lair of Beasts)

   [ring of positive energy]

   It affects your dexterity (+4).
   It protects you from cold.
   It insulates you from electricity.
   It protects you from negative energy.
 S - an uncursed ring of protection from fire
   (You took it off a vault guard on level 5 of the Vaults)
Wands
 m - a wand of enslavement (12)
   (You found it on level 3 of the Dungeon)
 p - a wand of iceblast (15)
   (You found it on level 9 of the Dungeon)
 D - a wand of scattershot (6)
   (You found it on level 5 of the Vaults)
 M - a wand of paralysis (10)
   (You found it on level 3 of the Swamp)
 P - a wand of digging (19)
   (You took it off an orc on level 4 of the Dungeon)
Scrolls
 j - a scroll of enchant weapon
 l - 3 scrolls of enchant armour
 r - 11 scrolls of identify
 s - 13 scrolls of remove curse
 t - 7 scrolls of teleportation
 E - 5 scrolls of fog
 I - 7 scrolls of magic mapping
 N - 2 scrolls of silence
 U - 2 scrolls of vulnerability
 V - 2 scrolls of holy word
Potions
 a - 2 potions of mutation
 d - 2 potions of might
 h - 2 potions of haste
 n - 8 potions of resistance
 q - 7 potions of curing
 u - 5 potions of magic
 w - a potion of heal wounds
 x - 5 potions of cancellation
 A - a potion of ambrosia
 B - 2 potions of flight
 G - 2 potions of brilliance
 H - 2 potions of berserk rage
 K - a potion of invisibility
 L - 4 potions of lignification
 O - 4 potions of stabbing
Comestibles
 e - 36 rations


   Skills:
 + Level 18.1 Fighting
 - Level 18.0 Axes
 + Level 20.8 Armour
 - Level 15.0 Shields
 - Level 15.0 Invocations


You had 19 spell levels left.
You didn't know any spells.
Your spell library was empty.

Dungeon Overview and Level Annotations

Branches:
Dungeon (15/15)            Temple (1/1) D:5            Lair (6/6) D:10
  Swamp (4/4) Lair:3        Snake (4/4) Lair:4        Slime (0/5) Lair:5
    Orc (0/2) D:12         Vaults (5/5) D:13         Depths (5/5) D:15
    Zot (3/5) Depths:5
  Crypt: Vaults:2-3

Altars:
Ashenzari
Cheibriados
Dithmenos
Elyvilon
Fedhas
Gozag
Hepliaklqana
Kikubaaqudgha
Makhleb
Nemelex Xobeh
Okawaru
Qazlal
Ru
Sif Muna
Uskayaw
Vehumet
Xom
Yredelemnul
Zin
The Shining One
Beogh
Jiyva

Shops:
D:4 %   D:7 !   D:15 *   Vaults:2 (   Depths:3 %[%

Portals:
Hell: Depths:1 Depths:4
Bailey: D:14

Annotations:
Lair:3 1 runed translucent door
Swamp:2 Donald


Innate Abilities, Weirdness & Mutations

You are resistant to damage.
You can heal yourself by infusing magical energy.
You resist negative energy. (rN+)
You passively map a large area around you.
You do not regenerate.


Message History

Your orange crystal plate armour prevents you from hitting the storm dragon.
The storm dragon is heavily wounded.
The storm dragon bites you.
* * * LOW HITPOINT WARNING * * *
The storm dragon claws you!
* * * LOW HITPOINT WARNING * * *
You block the storm dragon's attack. x2; The storm dragon claws you!
* * * LOW HITPOINT WARNING * * *
The storm dragon tramples you but does no damage.
You slice the storm dragon!!
The storm dragon is severely wounded.
You slash the white draconian!
The storm dragon bites you but does no damage.
The storm dragon completely misses you. You block the storm dragon's attack.
You barely miss the storm dragon.
The storm dragon is severely wounded.
You hit the white draconian.
The storm dragon is no longer berserk.
The storm dragon breathes lightning at you.
The bolt of lightning hits you! You resist.
You die...

** * * * , ,
* , , * , ,,
, , * * * ,,
,, , , * *
*, , ,, **,
* * * ,,, ,
, , * * ,*
,, , , ,,* ,
,, , * *
###########+
** , *
#.d@.q.....,
* ,, ,
#†)D.......
* *
#...)......
* , , , * *
#..........
* ** ,
+..........
* *
#..........
, * , ,
#..........
#..........
*** , * *
######+####
* ****


You could see a storm dragon, a white draconian and a red draconian annihilator.

Vanquished Creatures
  the Lernaean hydra (Swamp:4)
  Asterion (Vaults:1)
  A titan (Vaults:5)
  4 sphinxes
  A death cob (Zot:3)
  2 thorn hunters
  Gastronok (Lair:1)
  3 storm dragons
  5 nagarajas
  5 shadow dragons
  5 fire giants
  A draconian scorcher (Zot:2)
  A deep elf sorcerer (Vaults:5)
  9 vault wardens
  5 frost giants (Vaults:5)
  A draconian shifter (Depths:5)
  A ghoul (Vaults:5)
  6 ironheart preservers
  2 draconian stormcallers
  2 war gargoyles (Vaults:5)
  A draconian annihilator (Zot:3)
  6 very ugly things
  6 stone giants
  A green draconian (Zot:1)
  4 purple draconians
  Azrael (D:15)
  A deep elf annihilator (Vaults:4)
  5 red draconians
  5 black draconians
  A white draconian (Zot:2)
  2 yellow draconians
  An ettin (shapeshifter) (Vaults:5)
  6 ettins
  2 deep elf death magi (Vaults:5)
  2 deep elf high priests
  8 yaktaur captains
  2 great orbs of eyes
  3 fire dragons
  6 hydras
  Harold (D:7)
  2 rakshasas (Depths:1)
  12 naga warriors
  A shambling mangrove (Swamp:3)
  7 anacondas
  4 ice dragons
  27 vault guards
  2 spriggan air magi
  5 ogre magi
  8 centaur warriors
  3 death knights
  2 alligators
  A two-headed ogre (shapeshifter) (Vaults:5)
  8 two-headed ogres
  2 tengu warriors
  A dancing weapon (Vaults:5)
  3 death yaks (Lair:4)
  4 deep troll shamans
  3 deep troll earth magi
  A queen ant (Lair:2)
  2 spriggan berserkers (Depths:5)
  A shock serpent (Snake:3)
  11 naga sharpshooters
  2 hell knights
  10 spriggans
  3 iron trolls
  A salamander mystic (Snake:2)
  A shadow wraith (Vaults:4)
  A skeletal warrior (Vaults:1)
  23 deep trolls
  3 unseen horrors
  2 spriggan druids
  6 naga ritualists
  5 swamp dragons
  A deep elf archer (Vaults:5)
  2 flayed ghosts
  3 wizards
  A deep troll (shapeshifter) (Vaults:5)
  3 ironbrand convokers
  3 necromancers
  2 phantasmal warriors
  A swamp dragon (shapeshifter) (Depths:5)
  3 orc knights
  2 deep elf magi
  8 mana vipers
  8 ugly things
  5 wolf spiders
  6 cyclopes
  4 manticores
  2 moths of wrath
  7 salamanders
  23 black mambas
  8 elephants
  A black mamba (shapeshifter) (D:15)
  Joseph (D:7)
  19 spiny frogs
  A vault sentinel (Vaults:1)
  2 salamanders (shapeshifter)
  9 naga magi
  Psyche (D:9)
  6 guardian serpents
  Maggie (D:6)
  3 spectral swamp worms (Depths:1)
  A gargoyle (D:14)
  9 komodo dragons
  An efreet (D:13)
  4 kobold demonologists
  3 rime drakes
  22 yaktaurs
  3 freezing wraiths
  A polar bear (Lair:5)
  2 trolls (D:11)
  A meliai (shapeshifter) (Depths:5)
  8 tyrant leeches
  A blink frog (shapeshifter) (Depths:5)
  10 hornets
  10 hippogriffs
  9 blink frogs
  4 bog bodies
  5 dream sheep (Lair:6)
  22 slime creatures
  3 redbacks (Lair:6)
  Sigmund (D:6)
  A centaur simulacrum (D:13)
  2 water elementals (Depths:5)
  3 shadows
  33 yaks
  2 fire elementals (D:15)
  4 wraiths
  A steam dragon (Lair:3)
  Eustachio (D:6)
  20 humans (D:13)
  10 wyverns
  7 basilisks
  14 vampire mosquitoes
  26 nagas
  8 insubstantial wisps
  3 acid dragons
  7 swamp worms
  7 soldier ants
  Duvessa (D:6)
  5 porcupines
  24 water moccasins
  5 hell hounds (D:15)
  6 swamp drakes
  5 sky beasts
  7 orc warriors
  2 black bears (Lair:3)
  7 ice beasts
  4 phantoms
  21 ogres
  An eye of draining (D:15)
  7 wolves
  2 necrophages
  A crocodile (shapeshifter) (Vaults:5)
  20 centaurs
  11 crocodiles
  6 big kobolds
  20 bullfrogs
  A wyvern zombie (D:12)
  An ogre simulacrum (Vaults:1)
  Dowan (D:6)
  3 scorpions
  7 killer bees
  An electric eel (Lair:2)
  7 wights
  A howler monkey (D:6)
  6 crimson imps
  6 centaur zombies
  2 bullfrog zombies
  2 quasits
  7 hounds
  6 jellies
  7 orc priests
  5 centaur skeletons
  4 bullfrog skeletons
  5 iguanas
  Natasha (D:3)
  12 orc wizards
  19 worker ants
  A bullfrog simulacrum (D:13)
  A hound zombie (D:7)
  Robin (D:2)
  3 worker ant zombies
  6 gnolls
  17 adders
  A howler monkey skeleton (D:9)
  4 shadow imps
  2 white imps (D:13)
  An ufetubus (D:13)
  3 oozes (Lair:5)
  3 adder skeletons
  3 worms
  A dart slug (D:1)
  6 leopard geckos
  65 orcs
  3 ball pythons
  6 bats
  5 giant cockroaches
  16 goblins
  9 hobgoblins
  11 jackals
  2 quokkas
  3 frilled lizards
  2 jackal skeletons (D:4)
  10 kobolds
  A quokka skeleton (D:4)
  3 rats
  3 crawling corpses (Vaults:5)
  6 fungi
  5 plants
1155 creatures vanquished.

Vanquished Creatures (collateral kills)
  3 nagarajas (Snake:4)
  An ironheart preserver (Vaults:1)
  Nessos (Lair:4)
  Snorg (Lair:3)
  16 hydras
  4 naga warriors (Snake:4)
  An alligator (Swamp:4)
  3 naga sharpshooters (Snake:4)
  Sonja (Lair:1)
  8 swamp dragons (Swamp:4)
  A naga ritualist (Snake:4)
  5 slime creatures (Swamp:4)
  A wolf spider (Vaults:1)
  2 black mambas
  A naga mage (Snake:4)
  A spiny frog (Swamp:4)
  A komodo dragon (Lair:3)
  3 yaktaurs (Vaults:1)
  2 tyrant leeches
  A hornet (Swamp:4)
  5 yaks
  A shadow (Swamp:4)
  6 vampire mosquitoes (Swamp:4)
  2 swamp worms
  10 nagas (Snake:4)
  An insubstantial wisp (Swamp:2)
  3 water moccasins
  5 swamp drakes
  An ogre (Vaults:1)
  3 bullfrogs
  A plant (Lair:3)
95 creatures vanquished.

Vanquished Creatures (others)
  A very ugly thing (Depths:3)
  A deep troll (Vaults:5)
  An unseen horror (Vaults:1)
  A naga ritualist (Snake:4)
  A spriggan (Depths:4)
  10 fungi
  13 plants
28 creatures vanquished.

Grand Total: 1278 creatures vanquished

Notes
Turn   | Place    | Note
-------+----------+-------------------------------------------
     0 | D:1      | Flugslaktarn the Deep Dwarf Fighter began the quest for the
                  | Orb.
     0 | D:1      | Reached XP level 1. HP: 20/20 MP: 1/1
    82 | D:1      | Reached XP level 2. HP: 25/27 MP: 2/2
   251 | D:2      | Noticed Robin
   259 | D:2      | Reached XP level 3. HP: 27/33 MP: 3/3
   269 | D:2      | Killed Robin
   437 | D:3      | Reached XP level 4. HP: 20/42 MP: 4/4
   464 | D:3      | Found an opulent altar of Gozag.
   474 | D:3      | Reached skill level 4 in Armour
   514 | D:3      | Noticed Natasha
   520 | D:3      | Killed Natasha
   661 | D:4      | Reached XP level 5. HP: 37/49 MP: 4/4
   925 | D:4      | Found Uggumn's Food Boutique.
   988 | D:4      | Found a glowing silver altar of Zin.
  1119 | D:5      | Entered Level 5 of the Dungeon
  1150 | D:5      | Reached XP level 6. HP: 50/56 MP: 4/4
  1199 | D:5      | Found a hazy altar of Hepliaklqana.
  1240 | D:5      | Reached skill level 5 in Axes
  1438 | D:5      | Reached XP level 7. HP: 55/64 MP: 2/2
  1458 | D:5      | Reached skill level 5 in Armour
  1492 | D:5      | Found a staircase to the Ecumenical Temple.
  1717 | Temple   | Entered the Ecumenical Temple
  1743 | Temple   | Became a worshipper of Makhleb the Destroyer
  1745 | Temple   | Identified a scroll of acquirement
  1746 | Temple   | Found the +8 orange crystal plate armour {Archmagi, Int+3
                  | Clar}
  1794 | D:5      | Reached skill level 5 in Shields
  1909 | D:6      | Noticed Maggie
  1922 | D:6      | Reached skill level 1 in Invocations
  1967 | D:6      | Killed Maggie
  1972 | D:6      | Reached XP level 8. HP: 69/73 MP: 1/3
  2005 | D:6      | Found a shadowy altar of Dithmenos.
  2052 | D:6      | Noticed Eustachio
  2095 | D:6      | Noticed Duvessa
  2127 | D:6      | Killed Duvessa
  2132 | D:6      | Noticed Dowan
  2144 | D:6      | Killed Dowan
  2198 | D:6      | Killed Eustachio
  2198 | D:6      | Reached skill level 6 in Armour
  2357 | D:6      | Reached skill level 5 in Fighting
  2392 | D:6      | Identified the cursed +1 robe of Ducs {Dex+3}
  2393 | D:6      | Noticed Sigmund
  2411 | D:6      | Reached * piety under Makhleb
  2439 | D:6      | Killed Sigmund
  2439 | D:6      | Gained mutation: You passively map the area around you.
                  | [Deep Dwarf growth]
  2439 | D:6      | Reached XP level 9. HP: 78/81 MP: 5/5
  2692 | D:7      | Reached skill level 5 in Invocations
  2837 | D:7      | Reached skill level 7 in Armour
  2850 | D:7      | Found Balem Zyp's Distillery.
  2856 | D:7      | Bought a potion of mutation for 88 gold pieces
  2985 | D:7      | Reached ** piety under Makhleb
  3017 | D:7      | Noticed Joseph
  3028 | D:7      | Killed Joseph
  3062 | D:7      | Noticed Harold
  3098 | D:7      | Killed Harold
  3098 | D:7      | Reached XP level 10. HP: 40/91 MP: 7/7
  3207 | D:7      | Found a shimmering altar of Xom.
  3585 | D:8      | Reached skill level 10 in Axes
  3588 | D:8      | Found a hide-covered altar of Uskayaw.
  3746 | D:8      | Found a blossoming altar of Fedhas.
  3907 | D:9      | Noticed Psyche
  3916 | D:9      | Killed Psyche
  4030 | D:9      | Found a glowing golden altar of the Shining One.
  4131 | D:9      | Reached *** piety under Makhleb
  4255 | D:9      | Reached skill level 8 in Armour
  4563 | D:10     | Entered Level 10 of the Dungeon
  4656 | D:10     | Found a staircase to the Lair.
  4697 | Lair:1   | Entered Level 1 of the Lair of Beasts
  4741 | Lair:1   | Reached XP level 11. HP: 98/98 MP: 10/10
  4756 | Lair:1   | Noticed Sonja
  4771 | Lair:1   | Killed Sonja
  4820 | Lair:1   | Noticed Gastronok
  4857 | Lair:1   | Killed Gastronok
  5143 | Lair:1   | Reached skill level 9 in Armour
  5284 | Lair:1   | Noticed an eight-headed hydra
  5290 | Lair:1   | Killed an eight-headed hydra
  5382 | Lair:1   | Noticed an eight-headed hydra
  5412 | Lair:1   | Killed a 12-headed hydra
  5437 | Lair:1   | Got a slimy glass ring
  6059 | Lair:2   | Noticed a queen ant
  6085 | Lair:2   | Killed a queen ant
  6139 | Lair:2   | Reached XP level 12. HP: 110/110 MP: 12/12
  6167 | Lair:2   | Identified the ring "Ywostery" {rElec rC+ rN+ Dex+4} (You
                  | found it on level 1 of the Lair of Beasts)
  6227 | Lair:2   | Reached **** piety under Makhleb
  6230 | Lair:2   | Found a frozen archway.
  6236 | Lair:2   | Noticed a four-headed hydra
  6262 | Lair:2   | Killed a ten-headed hydra
  6750 | Lair:3   | Noticed a five-headed hydra
  6759 | Lair:3   | Killed a five-headed hydra
  6803 | Lair:3   | Reached skill level 10 in Invocations
  7012 | Lair:3   | Noticed Snorg
  7031 | Lair:3   | Killed Snorg
  7031 | Lair:3   | Reached skill level 10 in Armour
  7031 | Lair:3   | Reached skill level 10 in Shields
  7226 | Lair:3   | Found a runed translucent door.
  7251 | Lair:3   | Found a staircase to the Swamp.
  7509 | Lair:4   | Noticed a death yak
  7509 | Lair:4   | Noticed a death yak
  7510 | Lair:4   | Noticed a death yak
  7522 | Lair:4   | Killed a death yak
  7539 | Lair:4   | Killed a death yak
  7540 | Lair:4   | Killed a death yak
  7614 | Lair:4   | Noticed Nessos
  7654 | Lair:4   | Killed Nessos
  7673 | Lair:4   | Noticed a six-headed hydra
  7674 | Lair:4   | Found a staircase to the Snake Pit.
  7690 | Lair:4   | Killed a 15-headed hydra
  7870 | Lair:4   | Found a hide-covered altar of Uskayaw.
  8312 | Lair:5   | Reached XP level 13. HP: 116/120 MP: 12/12
  8350 | Lair:5   | Found a staircase to the Slime Pits.
  8968 | Lair:6   | Entered Level 6 of the Lair of Beasts
  9077 | Lair:6   | Reached skill level 11 in Armour
  9336 | Lair:6   | Reached ***** piety under Makhleb
  9555 | Lair:6   | Reached skill level 15 in Axes
 10161 | Snake:1  | Entered Level 1 of the Snake Pit
 10354 | Snake:1  | Gained mutation: You resist negative energy. (rN+) [Deep
                  | Dwarf growth]
 10354 | Snake:1  | Reached XP level 14. HP: 106/130 MP: 0/13
 10587 | Snake:1  | Reached skill level 10 in Fighting
 10798 | Snake:2  | Noticed a nagaraja
 10852 | Snake:2  | Killed a nagaraja
 10875 | Snake:2  | Reached skill level 12 in Armour
 11028 | Snake:4  | Entered Level 4 of the Snake Pit
 11206 | Snake:4  | Reached ****** piety under Makhleb
 11222 | Snake:4  | Noticed a nagaraja
 11232 | Snake:4  | Reached XP level 15. HP: 128/140 MP: 12/12
 11250 | Snake:4  | Killed a nagaraja
 11435 | Snake:4  | Noticed a nagaraja
 11444 | Snake:4  | Killed a nagaraja
 11448 | Snake:4  | Noticed a nagaraja
 11468 | Snake:4  | Killed a nagaraja
 11489 | Snake:4  | Noticed a nagaraja
 11491 | Snake:4  | Noticed a nagaraja
 11494 | Snake:4  | Killed a nagaraja
 11509 | Snake:4  | Killed a nagaraja
 11538 | Snake:4  | Noticed a nagaraja
 11555 | Snake:4  | Killed a nagaraja
 11564 | Snake:4  | Noticed a nagaraja
 11573 | Snake:4  | Reached skill level 13 in Armour
 11574 | Snake:4  | Killed a nagaraja
 11617 | Snake:4  | Got a serpentine rune of Zot
 11864 | Swamp:1  | Entered Level 1 of the Swamp
 12235 | Swamp:2  | Noticed a thorn hunter
 12255 | Swamp:2  | Killed a thorn hunter
 12566 | Swamp:3  | Reached XP level 16. HP: 84/151 MP: 4/4
 12672 | Swamp:3  | Identified the cursed +0 kite shield of Lourph Yniru {rPois
                  | Int+7 Slay-6}
 12672 | Swamp:3  | Noticed Donald
 13079 | D:11     | Found a viscous altar of Jiyva.
 13446 | D:12     | Got a pair of brightly glowing boots
 13447 | D:12     | Identified the -4 pair of boots of Analysis {Str+5 Stlth+}
                  | (You found it on level 12 of the Dungeon)
 13726 | D:12     | Found a staircase to the Orcish Mines.
 13727 | D:12     | Found a roughly hewn altar of Beogh.
 14347 | D:13     | Reached skill level 15 in Invocations
 14732 | D:13     | Found a gate to the Vaults.
 14745 | Vaults:1 | Entered Level 1 of the Vaults
 14802 | Vaults:1 | Reached skill level 14 in Armour
 14855 | Vaults:1 | Noticed Asterion
 14900 | Vaults:1 | Killed Asterion
 15334 | Vaults:2 | Found Zaoss's Weapon Boutique.
 15576 | Vaults:4 | Reached XP level 17. HP: 162/162 MP: 6/6
 15710 | Vaults:4 | Reached skill level 15 in Armour
 15717 | Vaults:4 | Reached skill level 15 in Shields
 15734 | Vaults:5 | Entered Level 5 of the Vaults
 15905 | Vaults:5 | Reached skill level 16 in Armour
 16057 | Vaults:5 | Noticed a titan
 16071 | Vaults:5 | Killed a titan
 16181 | Vaults:5 | Gained mutation: You passively map a large area around you.
                  | [Deep Dwarf growth]
 16181 | Vaults:5 | Reached XP level 18. HP: 134/176 MP: 6/6
 16184 | Vaults:5 | Identified the +7 flail "Lafuet" {vamp, rPois}
 16244 | Vaults:5 | Reached skill level 17 in Armour
 16380 | Vaults:5 | Reached skill level 15 in Fighting
 16459 | Vaults:5 | Got a silver rune of Zot
 16461 | Vaults:5 | Identified the +2 pair of gloves "Doffam" {+Fly rElec} (You
                  | found it on level 5 of the Vaults)
 17131 | Swamp:2  | Reached skill level 18 in Armour
 17304 | Swamp:4  | Entered Level 4 of the Swamp
 17579 | Swamp:4  | Noticed the 27-headed Lernaean hydra
 17587 | Swamp:4  | Killed the 27-headed Lernaean hydra
 17700 | Swamp:4  | Got a decaying rune of Zot
 18143 | D:14     | Reached XP level 19. HP: 188/188 MP: 6/6
 18157 | D:14     | Found a flagged portal.
 18262 | D:14     | Found a white marble altar of Elyvilon.
 18640 | D:15     | Entered Level 15 of the Dungeon
 18716 | D:15     | Found Kihuf's Changing Room.
 18889 | D:15     | Noticed Azrael
 18954 | D:15     | Killed Azrael
 19288 | D:15     | Reached skill level 19 in Armour
 19324 | D:15     | Found a staircase to the Depths.
 19355 | Depths:1 | Entered Level 1 of the Depths
 19369 | Depths:1 | Paralysed by a sphinx for 6 turns
 19630 | Depths:1 | Found a gateway to Hell.
 19902 | Depths:3 | Found Hiusayki's Food Boutique.
 19920 | Depths:3 | Found Daotext's Antique Armour Shop.
 19936 | Depths:3 | Found Wemuomoh's Food Shoppe.
 20228 | Depths:5 | Entered Level 5 of the Depths
 20269 | Depths:5 | Reached skill level 20 in Armour
 20516 | Depths:5 | Reached XP level 20. HP: 201/201 MP: 1/1
 20804 | Depths:5 | Found a gate to the Realm of Zot.
 20815 | Zot:1    | Entered Level 1 of the Realm of Zot
 20965 | Zot:3    | HP: 6/204 [storm dragon (8)]
 20967 | Zot:3    | Killed from afar by a storm dragon

Levels and vault maps discovered:
D:1:      dpeg_arrival_chase, layout_loops_cross
D:2:      layout_loops_cross, nemelex_lonely_heart_becter, uniq_robin
D:3:      layout_rooms, old_standard_altar, portal_sewer_entry_e, uniq_natasha
D:4:      layout_rooms, kennysheep_mini, serial_shops, nicolae_shop_crystal
D:5:      layout_cave_pools, overflow_temple_1_default,
          minmay_temple_entry_poolview, first_ration,
          minmay_misc_feat_secret_circle
D:6:      layout_basic, grunt_dithmenos_smoke, serial_bayou_pond_e,
          uniq_sigmund, uniq_eustachio, uniq_duvessa, uniq_maggie
D:7:      layout_loops_cross, tgw_xom, serial_shops, shop, uniq_joseph,
          uniq_harold
D:8:      layout_cave_pools, eat_drink_and_be_merry_uskayaw, fedhas_altar_2
D:9:      layout_loops_ring, lemuel_round_altar, uniq_psyche
D:10:     layout_stronghold, minmay_lair_entry_grove, serial_rivers,
          chequers_serial_rivers_micro_c, chequers_serial_rivers_micro_c,
          chequers_serial_rivers_large_b, chequers_serial_rivers_marsh,
          chequers_serial_rivers_room_a, hangedman_fish_farm, st_stairs_9
D:11:     layout_loops_ring, enter_trove_5, jiyva_altar_1
D:12:     kennysheep_bubbly, layout_loops_corners,
          minmay_orc_entry_temple_small, roderic_three_in_a_row
D:13:     layout_stronghold, grunt_vaults_entry_tiered, serial_ice,
          serial_ice_h, serial_ice_m, serial_ice_g, serial_ice_o,
          grunt_decor_arrowhead, minmay_microvault
D:14:     layout_loops_ring, enter_bailey_3, special_room [special_room_bee],
          basic_altar, dk_noncrumbling_2, lightli_airlock
D:15:     grunt_enter_depths_magical_seal, layout_basic,
          lemuel_coloured_pillars_altar, nicolae_transmutations_shop,
          uniq_azrael
Temple:   eino_temple_lava
Lair:1:   beast_lair_carwin_large_2, layout_regular_city, uniq_sonja,
          uniq_gastronok
Lair:2:   wad_woods_04, layout_gridlike, portal_ice_cave_rime,
          minmay_another_anthill
Lair:3:   gammafunk_mikee_crab_dinner, layout_loops_ring,
          minmay_swamp_entry_worms, minivault_26, uniq_snorg
Lair:4:   layout_concentric_octagons, minmay_snake_entry_six_corridors,
          basic_altar, uniq_nessos
Lair:5:   layout_cave_pods, nicolae_slime_entry_slimehenge,
          gauntlet_entry_generic
Lair:6:   hangedman_lair_tendril_chambers, layout_loops_ring
Swamp:1:  layout_basic_swamp, nicolae_swamp_round_clearing
Swamp:2:  layout_falls_marsh, evilmike_swamp_ruin_house_3, swamp_pool3,
          st_swamp_ruins_2
Swamp:3:  cheibrodos_swamp_heart_of_darkness, layout_basic_swamp,
          infiniplex_staircase_pool_2, uniq_donald
Swamp:4:  swamp_old_school, layout_basic_swamp, infiniplex_staircase_pool
Snake:1:  layout_grid_maze
Snake:2:  layout_chambers, uniq_nikola
Snake:3:  layout_misc_corridors, minmay_shop_grove
Snake:4:  grunt_snake_rune_spirals, layout_onion
Vaults:1: grunt_vaults_diagonal, vaults_room_corners,
          hangedman_vaults_variations, vaults_dpeg_doors,
          nicolae_vaults_little_squares_1, v_misc_26,
          nicolae_vaults_little_squares_1, v_alt_pattern_6,
          ontoclasm_vaults_loading_screen, st_lattice,
          nicolae_vaults_sealed_display, dpeg_vaults_monster_box,
          ontoclasm_vaults_ring_small, serial_ice_b, vaults_room_pools,
          nicolae_vaults_shelves_hall, layout_vaults_omnicross, uniq_asterion
Vaults:2: vaults_room_pools, v_rooms_4, v_misc_29, ontoclasm_vaults_spin,
          minmay_crypt_entry_simple_statues, ontoclasm_vaults_hangar,
          vaults_room_fancy_cross, nicolae_vaults_hallways_thing, v_misc_26,
          v_misc_26, nicolae_vaults_border_crossing, vaults_room_grid,
          layout_vaults_ring, serial_shops, shop
Vaults:3: grunt_vaults_twisty, nicolae_vaults_three_branches, v_misc_3,
          vaults_standard_mumra_x, nicolae_vaults_little_squares_2, st_diamondy,
          ontoclasm_vaults_chip, ontoclasm_vaults_bender, vaults_room_grid,
          nicolae_vaults_network_square, nicolae_vaults_little_ls,
          ontoclasm_vaults_gateway, nicolae_vaults_shelves_hall,
          layout_vaults_maze_bifur, serial_shops, shop, uniq_margery,
          uniq_xtahua
Vaults:4: nicolae_vaults_diagonal_hallway_7, v_pattern_5, nicolae_vaults_arrows,
          vaults_dpeg_hooks, v_misc_27, vaults_room_door_hall,
          vaults_room_hallway, v_misc_3, hangedman_vaults_restitches,
          layout_vaults_omnigrid, serial_shops, shop
Vaults:5
Depths:1: layout_honeycomb, pf_hell_entry_tar_river, moated_statue,
          library_closet, kennysheep_generic_room_10,
          roderic_lattice_octagonal_star
Depths:2: minmay_complete_graph, layout_basic, enter_ziggurat_c,
          grunt_pan_entry_zigzag, pf_coc_iceberg
Depths:3: minmay_concentric_multi, layout_cave_pools, rand_demon_pan_entry_5,
          abyss_entry, serial_shops, shop, nicolae_shop_crystal, shop,
          kennysheep_mini_moat, shop, hangedman_geh_valley,
          hangedman_decor_opposing
Depths:4: spriggan_forest, abyss_entry, hell_entry
Depths:5: grunt_zot_entry_hairpin, layout_basic, interstate_on_off, hell_entry
Zot:1:    gammafunk_the_bubble [the_bubble_gammafunk_roulette], layout_gridlike
Zot:2:    layout_onion_interference
Zot:3:    layout_gridlike, skrybe_zot_glass_2

Skill      XL: |  1  2  3  4  5  6  7  8  9 10 11 12 13 14 15 16 17 18 19 20 |
---------------+-------------------------------------------------------------+-----
Axes           | 3 4 5 6 8 9 11 12 13 15 16 17 18 | 18.0
Fighting       | 3 4 5 6 7 8 9 10 11 12 14 16 17 18 | 18.1
Armour         | 4 5 6 7 8 9 10 11 12 13 14 16 18 20 | 20.8
Shields        | 4 5 6 7 8 9 10 11 12 13 14 15 | 15.0
Invocations    | 2 4 6 8 9 11 12 13 14 15 | 15.0

Action                   |  1- 3 |  4- 6 |  7- 9 | 10-12 | 13-15 | 16-18 | 19-21 || total
-------------------------+-------+-------+-------+-------+-------+-------+-------++-------
Melee: War axe           |    63 |   181 |   531 |   750 |   374 |       |       ||  1899
       Broad axe         |       |       |       |     8 |   876 |  1668 |  1044 ||  3596
Invok: Lesser Servant of |       |       |       |    15 |     5 |     2 |     3 ||    25
       Greater Servant o |       |       |       |       |     7 |     8 |       ||    15
 Abil: Heal Wounds       |     1 |     7 |     8 |    10 |    32 |    21 |    22 ||   101
Evoke: Wand              |       |       |       |     1 |     1 |       |       ||     2
  Use: Scroll            |       |       |     9 |    11 |    13 |     9 |     4 ||    46
       Potion            |       |       |       |       |     2 |     4 |     3 ||     9
 Stab: Distracted        |       |       |       |     5 |     3 |     5 |     3 ||    16
       Confused          |       |       |       |       |       |     2 |       ||     2
  Eat: Chunk             |       |     2 |     7 |    37 |    18 |    21 |    11 ||    96
Armor: Scale mail        |    65 |    20 |       |       |       |       |       ||    85
       Chain mail        |       |    26 |       |       |       |       |       ||    26
       Plate armour      |       |    91 |     6 |       |       |       |       ||    97
       Crystal plate arm |       |       |   496 |   566 |  1441 |  1590 |   766 ||  4859
Dodge: Dodged            |    41 |    40 |    71 |   115 |   232 |   623 |   297 ||  1419
Block: Kite shield       |    73 |   127 |   345 |   390 |  1145 |  1347 |   724 ||  4151

Table legend:
 A = Non-vault XP
 B = Vault XP
 C = Vault XP percentage of total XP
 D = Non-vault monster count
 E = Vault monster count
 F = Vault count percentage of total count
                 A         B        C        D         E       F
            +---------+---------+-------+---------+---------+-------
      Total |  298249 |  218999 |  42.3 |     828 |     412 |  33.2
            +---------+---------+-------+---------+---------+-------
        D:1 |      32 |       0 |   0.0 |      16 |       0 |   0.0
        D:2 |      13 |      37 |  74.0 |       7 |      12 |  63.2
        D:3 |      78 |      35 |  31.0 |      18 |       1 |   5.3
        D:4 |     130 |       0 |   0.0 |      16 |       0 |   0.0
        D:5 |     586 |       0 |   0.0 |      27 |       0 |   0.0
        D:6 |    1287 |    1061 |  45.2 |      36 |       5 |  12.2
        D:7 |    1314 |    1447 |  52.4 |      26 |       2 |   7.1
        D:8 |     748 |       0 |   0.0 |      21 |       0 |   0.0
        D:9 |     972 |     418 |  30.1 |      15 |       1 |   6.2
       D:10 |    1574 |    2134 |  57.6 |      11 |      14 |  56.0
       D:11 |    5319 |    1394 |  20.8 |      36 |       5 |  12.2
       D:12 |    5520 |    1082 |  16.4 |      26 |      16 |  38.1
       D:13 |    6833 |    7903 |  53.6 |      29 |      36 |  55.4
       D:14 |    8988 |       6 |   0.1 |      35 |       4 |  10.3
       D:15 |   12178 |    7432 |  37.9 |      33 |      18 |  35.3
     Lair:1 |    4663 |    4280 |  47.9 |      21 |       8 |  27.6
     Lair:2 |    1638 |    2887 |  63.8 |       7 |      24 |  77.4
     Lair:3 |    4665 |    1179 |  20.2 |      24 |       3 |  11.1
     Lair:4 |    5969 |    2018 |  25.3 |      17 |      14 |  45.2
     Lair:5 |    3575 |     105 |   2.9 |      11 |       5 |  31.2
     Lair:6 |    9151 |    9923 |  52.0 |      34 |      36 |  51.4
    Swamp:1 |    1582 |       0 |   0.0 |       5 |       0 |   0.0
    Swamp:2 |   10128 |    3132 |  23.6 |      29 |       6 |  17.1
    Swamp:3 |    7110 |       0 |   0.0 |      17 |       0 |   0.0
    Swamp:4 |   10155 |   14366 |  58.6 |      39 |      23 |  37.1
    Snake:1 |   13517 |       0 |   0.0 |      23 |       0 |   0.0
    Snake:2 |   11411 |       0 |   0.0 |      18 |       0 |   0.0
    Snake:3 |   10445 |       0 |   0.0 |      20 |       0 |   0.0
    Snake:4 |   13099 |   28688 |  68.7 |      28 |      49 |  63.6
   Vaults:1 |    7199 |    9475 |  56.8 |      16 |      16 |  50.0
   Vaults:2 |    4222 |    5364 |  56.0 |       7 |       8 |  53.3
   Vaults:3 |    3753 |       0 |   0.0 |       5 |       0 |   0.0
   Vaults:4 |   17149 |    4130 |  19.4 |      25 |       5 |  16.7
   Vaults:5 |   27365 |   82504 |  75.1 |      32 |      66 |  67.3
   Depths:1 |   20513 |    1242 |   5.7 |      28 |       3 |   9.7
   Depths:2 |    8375 |       0 |   0.0 |       9 |       0 |   0.0
   Depths:3 |   12255 |       0 |   0.0 |      13 |       0 |   0.0
   Depths:4 |    1130 |    8223 |  87.9 |       5 |      17 |  77.3
   Depths:5 |   20402 |   18534 |  47.6 |      25 |      15 |  37.5
      Zot:1 |    6541 |       0 |   0.0 |       5 |       0 |   0.0
      Zot:2 |    9878 |       0 |   0.0 |       8 |       0 |   0.0
      Zot:3 |    6787 |       0 |   0.0 |       5 |       0 |   0.0
            +---------+---------+-------+---------+---------+-------
